 Dungeon Crawl Stone Soup version 0.31-a0-232-gb1c03b2570 (webtiles) character file.

Game seed: 1546873244733042646

30 qw the Shooter (level 3, 0/21 HPs)
             Began as a Gargoyle Hexslinger on July 7, 2023.
             Slain by a cerulean imp
             ... wielding a +3 spear
             ... summoned by Natasha
              (1 damage)
             ... on level 2 of the Dungeon.
             The game lasted 00:00:24 (997 turns).

qw the Shooter (Gargoyle Hexslinger)                 Turns: 997, Time: 00:00:24

Health: 0/21       AC:  6    Str: 11    XL:     3   Next: 20%
Magic:  4/4        EV: 12    Int: 13    God:
Gold:   108        SH:  0    Dex: 20    Spells: 3/4 levels left

rFire   . . .        Y - +2 sling
rCold   . . .        (no shield)
rNeg    + + .        g - +0 leather armour
rPois   inf          (no helmet)
rElec   +            (no cloak)
rCorr   .            (no gloves)
SInv    .            (no boots)
Will    .....        (no amulet)
Stlth   +            i - +6 ring of dexterity
HPRegen 0.23/turn    j - ring of positive energy
MPRegen 0.09/turn

%: no passive effects
@: no status effects
A: sickness immunity, AC +3, negative energy resistance 1, electricity
resistance, torment resistance 1, petrification resistance
a: no special abilities


You were on level 2 of the Dungeon.
You visited 1 branch of the dungeon, and saw 2 of its levels.

You collected 108 gold pieces.


Innate Abilities, Weirdness & Mutations

You are immune to sickness and miasma.
Your stone body is resilient. (AC +3)
You are immune to poison.
You resist negative energy. (rN+)
You are resistant to electric shocks. (rElec)
You are resistant to unholy torment.
You are immune to petrification.


   Skills:
 - Level 2.0 Fighting
 + Level 3.2 Ranged Weapons
 - Level 1.5 Dodging
 - Level 1.0 Spellcasting
 - Level 2.6 Hexes


You had 3 spell levels left.
You knew the following spells:

 Your Spells              Type           Power      Damage    Failure   Level
a - Slow                  Hex            28%        N/A       12%         1

Your spell library contained the following spells:

 Spells                   Type           Power      Damage    Failure   Level
 Inner Flame              Hex/Fire       4%         N/A       54%         3
 Portal Projectile        Hex/Tloc       8%         N/A       54%         3
 Cause Fear               Hex            3%         N/A       77%         4

Inventory:

Hand Weapons
 Y - a +2 sling (weapon)
Armour
 c - a +0 ring mail
 g - a +0 leather armour (worn)
Jewellery
 d - a ring of protection from fire
 i - a +6 ring of dexterity (left hand)
 j - a ring of positive energy (right hand)
Scrolls
 a - a scroll of teleportation
 f - 2 scrolls of vulnerability {unknown}
 h - a scroll of silence {unknown}
Potions
 b - a potion of heal wounds {unknown}
 e - a potion of mutation {unknown}

Dungeon Overview and Level Annotations

Branches:
Dungeon (2/15)

Altars:

Annotations:
D:2 Natasha


Message History

The sling bullet hits the withered plant.
The withered plant is lightly damaged.
The adder zombie bites you but does no damage.
The ball python skeleton bites the withered plant.
The ball python skeleton constricts the withered plant.
Natasha mumbles some strange words.
The cerulean imp misses you. The adder zombie barely misses you.
You shoot a sling bullet. The sling bullet hits Natasha.
Natasha is moderately wounded.
The withered plant crumbles away. x2
The ball python skeleton bites the withered plant.
The ball python skeleton constricts the withered plant.
The quokka skeleton bites the withered plant.
The withered plant begins to crumble.
Natasha claws you. The cerulean imp misses you.
The adder zombie bites you but does no damage.
The cerulean imp closely misses you.
The ball python skeleton loses its grip on the withered plant.
The quokka skeleton bites the withered plant.
Natasha claws you.
You shoot a sling bullet. The sling bullet hits Natasha.
Natasha is heavily wounded.
The withered plant crumbles away.
The adder zombie closely misses you. The cerulean imp misses you.
The cerulean imp hits you but does no damage.
The ball python zombie bites the withered plant.
The ball python zombie grabs the withered plant.
The ball python zombie constricts the withered plant.
The quokka skeleton bites the withered plant.
Natasha claws you.
You shoot a sling bullet. The sling bullet barely misses Natasha.
The adder zombie barely misses you.
The cerulean imp hits you but does no damage.
The cerulean imp hits you with a +1 spear.
The ball python zombie bites the withered plant.
The ball python zombie constricts the withered plant.
The quokka skeleton bites the withered plant.
Natasha claws you. The adder zombie closely misses you.
The cerulean imp hits you from afar with a +3 spear.
You die...

............+
............#
............###
..............#
..............#
..#.#............#
....#.####.......##
#..#.#<.......5..77
#..#.###.......@h.7
#..%...........7Z5?7
#...####......7ZZP7
.##......'......7PZZ7
........##......7P.Z7
...
........##......77P..
..##
........##.......7....
#...
.####...#########77P...
#... ###.######## #...


You could see Natasha, 2 cerulean imps, 2 ball python zombies, 2 adder zombies,
a ball python skeleton and a quokka skeleton.

Vanquished Creatures
  A dart slug (D:1)
  5 ball pythons
  An endoplasm (D:1)
  A giant cockroach (D:1)
  5 goblins
  A hobgoblin (D:1)
  2 quokkas
  3 bats
  3 frilled lizards
  3 kobolds
  2 rats (D:2)
27 creatures vanquished.

Notes
Turn   | Place    | Note
-------+----------+-------------------------------------------
     0 | D:1      | qw the Gargoyle Hexslinger began the quest for the Orb.
     0 | D:1      | Reached XP level 1. HP: 12/12 MP: 2/2
     0 | D:1      | 0 ||| qw: Version: 0.3-a-46-gb1f654a
     0 | D:1      | 0 ||| qw: Game counter: 2312
     0 | D:1      | 0 ||| qw: Melee chars always use a shield: true
     0 | D:1      | 0 ||| qw: God list: Okawaru
     0 | D:1      | 0 ||| qw: Allow faded altars: false
     0 | D:1      | 0 ||| qw: Do Orc after clearing Dungeon:15 true
     0 | D:1      | 0 ||| qw: Do second Lair branch before Depths: true
     0 | D:1      | 0 ||| qw: Lair rune preference: random
     0 | D:1      | 0 ||| qw: Goals: Normal
     0 | D:1      | 0 ||| PLANNING D:1-11
   333 | D:1      | Reached XP level 2. HP: 12/16 MP: 3/3
   408 | D:1      | Reached skill level 3 in Ranged Weapons
   774 | D:1      | 774 ||| UPGRADING to +0 leather armour.
   784 | D:1      | 784 ||| DROPPING +0 robe.
   785 | D:1      | 785 ||| UPGRADING to +6 ring of dexterity.
   786 | D:1      | 786 ||| UPGRADING to ring of positive energy.
   787 | D:1      | 787 ||| READING scroll labelled KAIXEN GYADINI.
   790 | D:1      | 790 ||| READING scroll labelled GUTUNWIRRE.
   791 | D:1      | 791 ||| READING scroll labelled LOMEKK ZARIOXOTWE.
   792 | D:1      | 792 ||| READING scroll labelled HOOTAORUSCH.
   793 | D:1      | 793 ||| READING scroll labelled VAN VUKIXKUI.
   794 | D:1      | 794 ||| READING scroll labelled MIYFUI NORGHELI.
   795 | D:1      | 795 ||| DROPPING scroll of poison.
   893 | D:2      | Reached XP level 3. HP: 21/21 MP: 4/4
   930 | D:2      | Found a faded altar of an unknown god.
   986 | D:2      | Noticed Natasha
   991 | D:2      | 991 ||| Stepping ~*~*~tactically~*~*~ (outnumbered).
   997 | D:2      | HP: 1/21 [Natasha (5)]
   997 | D:2      | Slain by a cerulean imp

Levels and vault maps discovered:
D:1:      matt_arrival_diagonals, layout_loops_corners,
          ebering_dispersal_statue_hall
D:2:      layout_basic, shapermc_ecumenical_altar_notcrosses,
          dilly_guarded_unrand_morg

Skill      XL: |  1  2 |
---------------+-------+-----
Ranged Weapons | 3 |  3.2
Fighting       | 2 |  2.0
Dodging        | |  1.5
Spellcasting   | |  1.0
Hexes          | |  2.6

Action                     || total
---------------------------++-------
   Fire: Sling             ||    82
    Use: Scroll            ||     6
 Armour: Robe              ||     4
         Leather armour    ||    11
  Dodge: Dodged            ||    35

Table legend:
 A = Non-vault XP
 B = Vault XP
 C = Vault XP percentage of total XP
 D = Non-vault monster count
 E = Vault monster count
 F = Vault count percentage of total count
                 A         B        C        D         E       F
            +---------+---------+-------+---------+---------+-------
      Total |      44 |       0 |   0.0 |      27 |       0 |   0.0
            +---------+---------+-------+---------+---------+-------
        D:1 |      29 |       0 |   0.0 |      17 |       0 |   0.0
        D:2 |      15 |       0 |   0.0 |      10 |       0 |   0.0
            +---------+---------+-------+---------+---------+-------
